 Dungeon Crawl Stone Soup version 0.31.0-11-ge490571c62 (webtiles) character file.

Game seed: 14775391836311864836

116 qw the Shooter (level 4, 0/25 HPs)
             Began as a Deep Elf Hunter on Feb 3, 2024.
             Shot with an arrow by a centaur (10 damage)
             ... on level 3 of the Dungeon.
             The game lasted 00:00:07 (1566 turns).

qw the Shooter (Deep Elf Hunter)                    Turns: 1566, Time: 00:00:07

Health: 0/25       AC:  5    Str: 10    XL:     4   Next: 69%
Magic:  6/6        EV: 12    Int: 14    God:
Gold:   1127       SH:  0    Dex: 24    Spells: 3/3 levels left

rFire   . . .        a - +0 shortbow
rCold   . . .        (shield currently unavailable)
rNeg    . . .        n - +0 ring mail
rPois   .            (no helmet)
rElec   .            (no cloak)
rCorr   .            (no gloves)
SInv    .            (no boots)
Will    .....        (no amulet)
Stlth   ++           h - +6 ring of dexterity
HPRegen 0.24/turn    (no ring)
MPRegen 0.10/turn

%: no passive effects
@: no status effects
A: no striking features
a: no special abilities


You were on level 3 of the Dungeon.
You visited 1 branch of the dungeon, and saw 3 of its levels.

You collected 1127 gold pieces.


   Skills:
 - Level 1.5 Fighting
 + Level 7.9 Ranged Weapons
 - Level 2.9 Dodging
 - Level 1.2 Stealth


You had 3 spell levels left.
You didn't know any spells.
Your spell library was empty.

Inventory:

Hand Weapons
 a - a +0 shortbow (weapon)
Armour
 n - a +0 ring mail (worn)
Jewellery
 d - a ring of ice
 h - a +6 ring of dexterity (left hand)
Wands
 j - a wand of iceblast (6)
 k - a wand of digging (3)
Potions
 b - a potion of brilliance {unknown}
 c - a potion of enlightenment {unknown}
 e - a potion of resistance
 f - a potion of degeneration {unknown}

Dungeon Overview and Level Annotations

Branches:
Dungeon (3/15)

Altars:
Gozag
Kikubaaqudgha
Xom


Message History

You shoot an arrow. The arrow hits the gnoll.
You kill the gnoll!
You start resting.
An adder comes into view.
You shoot an arrow. The adder hisses angrily.
The arrow hits the adder but does no damage.
You shoot an arrow. The arrow hits the adder.
The adder is moderately wounded.
You shoot an arrow. The arrow misses the adder.
You shoot an arrow. The arrow barely misses the adder.
The adder misses you. The adder bites you but does no damage.
You shoot an arrow. The arrow closely misses the adder.
The adder barely misses you.
You shoot an arrow. The arrow closely misses the adder.
The adder barely misses you. The adder bites you but does no damage.
You shoot an arrow. The arrow hits the adder!
The adder is almost dead.
The adder bites you.
You shoot an arrow. The arrow barely misses the adder.
The adder barely misses you. The adder bites you.
You shoot an arrow. The arrow hits the adder.
You kill the adder!
You start resting.
HP restored.
Things that are here:
a +0 club; a +0 scale mail You now have 1127 gold pieces (gained 15).
Found a sling.
f - a fizzy black potion A centaur comes into view.
The centaur wields a +0 shortbow.
The centaur shoots an arrow.
The arrow hits you!
You shoot an arrow. The arrow hits the centaur!
The centaur is moderately wounded.
The centaur shoots an arrow.
The arrow hits you.
You shoot an arrow. The arrow hits the centaur!
The centaur is severely wounded.
The centaur shoots an arrow.
The arrow hits you!
You die...

.# .c.#######.#
.......@.#.######
########.#.........#####
...........#...........
.............####.####.
#.........##.##.....##.
.............#.......#.
##.######.##.#.......#.
#.. #...##....._..... ..
#.#....#.......#.


You could see a centaur.

Vanquished Creatures
  3 gnolls (D:3)
  5 adders
  An orc (D:3)
  4 ball pythons
  2 bats (D:3)
  6 endoplasms
  4 hobgoblins
  2 jackals (D:1)
  6 kobolds
  3 quokkas
  2 frilled lizards
  2 goblins (D:1)
40 creatures vanquished.

Notes
Turn   | Place    | Note
-------+----------+-------------------------------------------
     0 | D:1      | qw the Deep Elf Hunter began the quest for the Orb.
     0 | D:1      | Reached XP level 1. HP: 12/12 MP: 3/3
     0 | D:1      | 0 ||| qw: Version: 0.3-a-158-g18b3111
     0 | D:1      | 0 ||| qw: Game counter: 4079
     0 | D:1      | 0 ||| qw: Melee chars always use a shield: true
     0 | D:1      | 0 ||| qw: God list: Okawaru
     0 | D:1      | 0 ||| qw: Allow faded altars: false
     0 | D:1      | 0 ||| qw: Do Orc after clearing Dungeon:15 true
     0 | D:1      | 0 ||| qw: Do second Lair branch before Depths: true
     0 | D:1      | 0 ||| qw: Lair rune preference: random
     0 | D:1      | 0 ||| qw: Goals: Normal
     0 | D:1      | 0 ||| PLANNING D:1-11
   130 | D:1      | Reached skill level 6 in Ranged Weapons
   130 | D:1      | Reached XP level 2. HP: 16/16 MP: 4/4
   237 | D:1      | You fall into a shaft and drop 1 floor!
   280 | D:2      | Found a faded altar of an unknown god.
   354 | D:2      | 354 ||| UPGRADING to +6 ring of dexterity.
   355 | D:2      | 355 ||| READING scroll labelled TEBIDGH CULAOBE.
   355 | D:2      | 355 ||| IDENTIFYING smoky emerald potion
   356 | D:2      | 356 ||| READING scroll labelled DES PUTOGGO.
   357 | D:2      | 357 ||| DRINKING 2 purple potions.
   358 | D:2      | 358 ||| DROPPING scroll of butterflies.
   359 | D:2      | 359 ||| DROPPING potion of attraction.
   428 | D:1      | Reached XP level 3. HP: 20/20 MP: 5/5
   845 | D:2      | Reached skill level 7 in Ranged Weapons
  1167 | D:2      | 1167 ||| UPGRADING to +0 ring mail.
  1177 | D:2      | 1177 ||| DROPPING +0 leather armour.
  1178 | D:2      | 1178 ||| DROPPING +6 ring of intelligence.
  1179 | D:2      | 1179 ||| READING scroll labelled BAEPLU UCVESM.
  1180 | D:2      | 1180 ||| READING scroll labelled VIULO JUVVE.
  1281 | D:2      | 1281 ||| READING scroll labelled DAEDIA QIENIHE.
  1282 | D:2      | 1282 ||| READING scroll labelled GYAWA QAOSE.
  1282 | D:2      | Identified a scroll of acquirement
  1282 | D:2      | 1282 ||| ACQUIRING 1059 gold pieces
  1282 | D:2      | Acquired 1059 gold pieces
  1339 | D:3      | Found a shimmering altar of Xom.
  1340 | D:3      | Found an ancient bone altar of Kikubaaqudgha.
  1401 | D:3      | Reached XP level 4. HP: 18/25 MP: 6/6
  1462 | D:3      | Found an opulent altar of Gozag.
  1564 | D:3      | Noticed a centaur
  1566 | D:3      | Shot with an arrow by a centaur

Levels and vault maps discovered:
D:1:      nicolae_arrival_washed_ashore, layout_rooms
D:2:      layout_basic, hellmonk_ecumenical_altar_zigzags
D:3:      layout_basic, old_standard_altar, mainiacjoe_overflow_divided_tiny

Skill      XL: |  1  2  3 |
---------------+----------+-----
Ranged Weapons | 6 7 |  7.9
Fighting       | |  1.5
Dodging        | |  2.9
Stealth        | |  1.2

Action                     |  1- 3 |  4- 6 || total
---------------------------+-------+-------++-------
   Fire: Shortbow          |   106 |    40 ||   146
    Use: Scroll            |     6 |       ||     6
         Potion            |     1 |       ||     1
 Armour: Leather armour    |    15 |       ||    15
         Ring mail         |     3 |    19 ||    22
  Dodge: Dodged            |    19 |    19 ||    38

Table legend:
 A = Non-vault XP
 B = Vault XP
 C = Vault XP percentage of total XP
 D = Non-vault monster count
 E = Vault monster count
 F = Vault count percentage of total count
                 A         B        C        D         E       F
            +---------+---------+-------+---------+---------+-------
      Total |     166 |       0 |   0.0 |      40 |       0 |   0.0
            +---------+---------+-------+---------+---------+-------
        D:1 |      22 |       0 |   0.0 |      12 |       0 |   0.0
        D:2 |      60 |       0 |   0.0 |      15 |       0 |   0.0
        D:3 |      84 |       0 |   0.0 |      13 |       0 |   0.0
            +---------+---------+-------+---------+---------+-------
